 Dungeon Crawl Stone Soup version 0.29-a0-1008-g949cc1d0fb (webtiles) character file.

Game seed: 6668715967564666301

213 gelatine the Firebug (level 5, -5/35 HPs)
             Began as a Demonspawn Fire Elementalist on Aug 8, 2022.
             Killed from afar by Pikel (12 damage)
             ... with a puff of flame
             ... on level 4 of the Dungeon.
             The game lasted 00:09:14 (3647 turns).

gelatine the Firebug (Demonspawn Fire Elementalist) Turns: 3647, Time: 00:09:14

Health: -5/35      AC:  3    Str:  8    XL:     5   Next: 59%
Magic:  1/9        EV: 12    Int: 25    God:
Gold:   272        SH:  0    Dex: 13    Spells: 9/10 levels left

rFire   . . .      SeeInvis .   g - staff of poison
rCold   . . .      Faith    .   (no shield)
rNeg    . . .      Spirit   .   a - +0 robe
rPois   +          Reflect  .   (no helmet)
rElec   .          Harm     .   (no cloak)
rCorr   .          Rampage  .   (no gloves)
Will    .....                   q - +0 pair of boots
Stlth   ++........              (no amulet)
HPRegen 0.11/turn               e - +6 ring of intelligence
MPRegen 0.11/turn               (no ring)

@: no status effects
A: foul stench 1, demonic magic 2
a: no special abilities


You were on level 4 of the Dungeon.
You visited 1 branch of the dungeon, and saw 4 of its levels.

You collected 296 gold pieces.
You spent 24 gold pieces at shops.

Inventory:

Missiles
 f - a throwing net
Armour
 a - a +0 robe (worn)
 q - a +0 pair of boots (worn)
Magical Staves
 g - a staff of poison (weapon)
 k - a staff of death
Jewellery
 e - a +6 ring of intelligence (left hand)
 n - a ring of ice
Scrolls
 c - a scroll of teleportation
 d - 2 scrolls of vulnerability {unknown}
 h - a scroll of enchant weapon {unknown}
 j - 4 scrolls of fear {unknown}
 l - a scroll of amnesia {unknown}
 o - a scroll of enchant armour {unknown}
 p - a scroll of immolation {unknown}
 r - a scroll of identify
Potions
 b - 2 potions of magic
 i - a potion of invisibility {unknown}
 m - a potion of degeneration {unknown}


   Skills:
 + Level 2.0 Dodging
 + Level 2.1 Stealth
 + Level 3.0 Spellcasting
 + Level 2.7 Conjurations
 + Level 3.8 Fire Magic
 * Level 1.5 Poison Magic
 * Level 1.1 Evocations


You had 9 spell levels left.
You knew the following spells:

 Your Spells              Type           Power      Damage    Failure   Level
a - Foxfire               Conj/Fire      80%        2x1d8     2%          1

Your spell library contained the following spells:

 Spells                   Type           Power      Damage    Failure   Level
 Scorch                   Fire           44%        2d7       3%          2
 Conjure Flame            Conj/Fire      20%        6-21      8%          3
 Inner Flame              Hex/Fire       13%        N/A       14%         3
 Flame Wave               Conj/Fire      20%        2d7       26%         4


Dungeon Overview and Level Annotations

Branches:
Dungeon (4/15)             Temple (0/1) D:4

Altars:

Shops:
D:3 *[[?

Portals:
Sewer: D:4

Annotations:
D:4 Pikel


Innate Abilities, Weirdness & Mutations

You may rarely emit foul miasma when damaged in melee.
Spells you cast may paralyse nearby enemies.


Message History

The foxfire hits the adder.
The adder is heavily wounded.
The adder closely misses you. The adder bites you.
You conjure some foxfire!
Malevolent energies surge around you.
The adder suddenly stops moving!
The foxfire hits the lemure.
The lemure is lightly wounded.
The foxfire hits the adder.
The adder is heavily wounded.
You are out of magic!
The adder is no longer paralysed.
The lemure hits you. The lemure attacks as you move away! The lemure hits you!
You emit a cloud of foul miasma!
The adder attacks as you move away! The adder bites you but does no damage.
You conjure some foxfire!
Malevolent energies surge around you.
The adder suddenly stops moving!
The foxfire hits the lemure.
The lemure is moderately wounded.
The helpless adder fails to defend itself.
You hit the adder.
The adder is severely wounded.
The helpless adder fails to defend itself.
You hit the adder.
The adder is almost dead.
The lemure hits you!
You emit a cloud of foul miasma!
The helpless adder fails to defend itself.
You hit the adder.
You kill the adder!
The lemure closely misses you.
Your foxfire dissipates!
The lemure attacks as you move away! The lemure closely misses you.
Found a scroll of identify.
Found a spear.
A ball python comes into view.
Pikel zaps a wand.
The puff of flame hits you!
* * * LOW HITPOINT WARNING * * *
The ball python hisses angrily.
The giant cockroach waves its antennae.
You hear the brisk rusting of a drain.
Pikel zaps a wand.
The puff of flame hits you!
You die...

.........####..........#
..........†....5........
...........#####5.##..#
.........#.#~~~#K.....#.
...........#~~~#........
.######.#..#~∩~#.....?..
#.#..#~B~#........
#.##.#~BB#...S.... #.
#.##'##@.....).
#..............
#######........
##....... ....### ..###
###


You could see Pikel, 2 lemures, 3 giant cockroaches and a ball python.

Vanquished Creatures
  An iguana (D:4)
  4 gnolls (D:2)
  8 adders
  2 worms
  2 dart slugs
  6 orcs (D:3)
  3 ball pythons
  5 bats
  4 endoplasms
  A giant cockroach (D:4)
  2 goblins
  5 hobgoblins
  3 jackals (D:2)
  5 quokkas
  3 frilled lizards
  4 kobolds
  6 rats
64 creatures vanquished.

Vanquished Creatures (others)
  303 foxfires
303 creatures vanquished.

Grand Total: 367 creatures vanquished

Notes
Turn   | Place    | Note
-------+----------+-------------------------------------------
     0 | D:1      | gelatine the Demonspawn Fire Elementalist began the quest
                  | for the Orb.
     0 | D:1      | Reached XP level 1. HP: 13/13 MP: 3/3
   570 | D:1      | Gained mutation: Spells you cast may paralyse adjacent
                  | enemies. [demonic ancestry]
   570 | D:1      | Reached XP level 2. HP: 19/19 MP: 0/5
  1180 | D:2      | Gained mutation: Spells you cast may paralyse nearby
                  | enemies. [demonic ancestry]
  1180 | D:2      | Reached XP level 3. HP: 24/24 MP: 0/6
  1520 | D:2      | Reached XP level 4. HP: 30/30 MP: 1/7
  1736 | D:2      | Found a faded altar of an unknown god.
  2446 | D:3      | Found Suah's Magic Scroll Shop.
  2458 | D:3      | Reached skill level 1 in Poison Magic
  2652 | D:3      | Bought a scroll of identify for 24 gold pieces
  2655 | D:3      | Found Capeu's Armour Shoppe.
  2736 | D:3      | Gained mutation: You may rarely emit foul miasma when
                  | damaged in melee. [demonic ancestry]
  2736 | D:3      | Reached XP level 5. HP: 33/35 MP: 5/9
  2799 | D:3      | Found Kyrghytti's Armour Shoppe.
  3299 | D:3      | Found Ejuar's General Store.
  3443 | D:4      | Reached skill level 1 in Evocations
  3599 | D:4      | Found a staircase to the Ecumenical Temple.
  3603 | D:4      | Noticed a lemure
  3604 | D:4      | Noticed Pikel
  3604 | D:4      | Noticed a lemure
  3609 | D:4      | Noticed a lemure
  3625 | D:4      | Found a glowing drain.
  3647 | D:4      | Killed from afar by Pikel

Illustrated notes

Levels and vault maps discovered:
D:1:      dpeg_arrival_court, layout_loops_ring
D:2:      layout_rooms, shapermc_ecumenical_altar_mp_highgroup, feat_on_display
D:3:      layout_basic, mainiacjoe_overflow_alcove_1, serial_shops,
          nicolae_shop_window_shopping, nicolae_shop_behind_doors, shop,
          nicolae_diamond_shop, small_statue_intersection, minivault_26
D:4:      layout_rooms, lemuel_crystal_altar, minmay_temple_entry_arrows,
          gup_sewer_entry_glass, roderic_st_hans_cross, kennysheep_cross_room,
          nrook_loot_triangle, uniq_menkaure, uniq_pikel

Skill      XL: |  1  2  3  4  5 |
---------------+----------------+-----
Fire Magic     | 3 |  3.8
Dodging        | 2 |  2.0
Conjurations   | 2 |  2.7
Poison Magic   | 1 |  1.5
Stealth        | 2 |  2.1
Spellcasting   | 3 |  3.0
Evocations     | 1 |  1.1

Action                   |  1- 3 |  4- 6 || total
-------------------------+-------+-------++-------
Melee: Unarmed           |     1 |       ||     1
       Staff             |       |    19 ||    19
 Cast: Foxfire           |    60 |   124 ||   184
  Use: Scroll            |       |     1 ||     1
 Stab: Paralysed         |       |    10 ||    10
Armor: Robe              |       |     2 ||     2
Dodge: Dodged            |    10 |    11 ||    21

Table legend: (Time is in decaauts)
 A = Elapsed time spent in this place.
 B = Non-inter-level travel time spent in this place.
 C = Inter-level travel time spent in this place.
 D = Time resting spent in this place.
 E = Time spent auto-exploring this place.
 F = Levels seen in this place.
 G = Mean time per level.
                   A        B        C        D        E       F      G
               +--------+--------+--------+--------+--------+-----+--------+
         Total |   3650 |   3481 |    169 |      0 |   2987 |   4 |  912.5 |
       Dungeon |   3650 |   3481 |    169 |      0 |   2987 |   4 |  912.5 |
               +--------+--------+--------+--------+--------+-----+--------+

Top non-repeatable levels by time:
     D:1: 1390 daAuts
     D:3: 1045 daAuts
     D:2: 960 daAuts
     D:4: 253 daAuts
